AoeStats
← corazon de seda

Lombardia

510266445Analyzed
4v4 RM · 1d ago on Sep 30, 2026· 68m 2s· 8 players
Game mode
Random Map
Map size
Large (8 player)
Population
200
Speed
Normal
Resources
Standard
Victory
Conquest
Starting age
Dark Age
Ending age
Imperial Age
RankedLock teamsTeams togetherTeam positionsShared explorationLock speedFull tech treeHidden civsTurbo modeCheats
Victory
Defeat
🇨🇳 Varangians · China
990
+13
🇦🇷 Huns · Argentina
959
+15
🇦🇺 Goths · Australia
927
+16
🇫🇷 Franks · France
876
+18
🇵🇱 Poles · Poland
1006
-19
🇨🇳 Portuguese · China
1003
-18
🇺🇸 Burgundians · United States
865
-13
🇧🇷 Franks · Brazil
843
-12
Fonty13
2:06 Loom
10:40 Feudal Age
11:38 Double-Bit Axe
12:51 Horse Collar
15:48 Man-at-Arms
19:12 Castle Age
18:02 Man-at-Arms
19:02 Scale Mail Armor
20:15 Gold Mining
20:16 Stone Mining
21:49 Squires
22:56 Long Swordsman
26:20 Town Watch
30:16 Wheelbarrow
29:42 Town Patrol
32:11 Hand Cart
32:43 Anarchy
33:38 Chain Mail Armor
33:33 Forging
37:27 Imperial Age
34:59 Heavy Plow
35:12 Bow Saw
35:58 Pikeman
37:23 Iron Casting
42:22 Conscription
46:56 Two-Handed Swordsman
48:08 Caravan
47:52 Halberdier
49:35 Blast Furnace
48:26 Fletching
54:15 Capped Ram
54:26 Elite Huskarl
55:07 Perfusion
59:12 Champion
66:47 Sappers
素
9:53 Feudal Age
16:55 Castle Age
15:20 Double-Bit Axe
15:17 Horse Collar
15:35 Stone Mining
21:36 Forging
21:52 Bloodlines
21:36 Gold Mining
22:03 Bow Saw
23:27 Heavy Plow
28:03 Wheelbarrow
35:02 Imperial Age
33:31 Husbandry
32:52 Light Cavalry
33:37 Scale Mail Armor
33:45 Scale Barding Armor
33:40 Scale Mail Armor
34:15 Iron Casting
33:48 Pikeman
34:16 Gambesons
35:15 Elite Jarl
36:16 Conscription
35:48 Loom
36:18 Hand Cart
39:58 Elite Varangian Guard
41:46 Blast Furnace
43:42 Two-Man Saw
47:44 Stone Shaft Mining
48:05 Chain Barding Armor
47:36 Fletching
52:57 Caravan
55:15 Gothikon
57:54 Chain Mail Armor
58:14 Plate Barding Armor
66:30 Squires
66:15 Arson
65:51 Halberdier
65:52 Man-at-Arms
65:56 Capped Ram
65:56 Heavy Scorpion
65:56 Onager
xelar
8:28 Loom
11:16 Feudal Age
12:41 Double-Bit Axe
16:06 Castle Age
17:16 Bow Saw
19:00 Town Watch
19:53 Wheelbarrow
23:28 Hand Cart
23:15 Town Patrol
30:35 Imperial Age
29:26 Caravan
29:35 Scale Barding Armor
31:24 Gold Mining
35:52 Stone Mining
36:39 Gold Shaft Mining
37:35 Conscription
37:16 Chivalry
39:07 Husbandry
38:27 Cavalier
39:45 Paladin
41:40 Chain Barding Armor
41:31 Forging
43:12 Plate Barding Armor
47:27 Fortified Wall
47:51 Ballistics
49:41 Iron Casting
48:56 Fletching
53:31 Blast Furnace
54:50 Elite Throwing Axeman
64:12 Bodkin Arrow
corazon de seda
11:55 Feudal Age
13:06 Horse Collar
20:09 Castle Age
18:08 Double-Bit Axe
19:15 Stone Mining
19:44 Gold Mining
23:17 Bow Saw
24:18 Gold Shaft Mining
32:20 Imperial Age
29:36 Loom
31:16 Wheelbarrow
30:57 Forging
30:53 Scale Barding Armor
30:54 Marauders
31:48 Masonry
31:48 Husbandry
32:00 Bloodlines
33:13 Elite Tarkan
34:45 Conscription
35:05 Iron Casting
35:03 Hand Cart
35:25 Chain Barding Armor
41:38 Blast Furnace
44:08 Plate Barding Armor
47:36 Caravan
49:37 Scale Mail Armor
48:59 Pikeman
49:40 Squires
49:25 Arson
52:34 Halberdier
53:34 Chain Mail Armor
55:05 Light Cavalry
60:01 Two-Man Saw
XxMasterxX
0:40 Loom
8:32 Double-Bit Axe
8:29 Horse Collar
13:34 Feudal Age
12:23 Gold Mining
12:25 Stone Mining
14:16 Heavy Plow
14:28 Bow Saw
21:07 Castle Age
19:53 Stone Shaft Mining
19:44 Fletching
20:48 Forging
20:39 Padded Archer Armor
20:39 Scale Mail Armor
20:52 Scale Barding Armor
21:32 Gold Shaft Mining
22:06 Town Watch
22:58 Wheelbarrow
22:35 Husbandry
27:22 Iron Casting
27:03 Leather Archer Armor
27:10 Chain Barding Armor
29:19 Hand Cart
33:24 Imperial Age
30:54 Bodkin Arrow
33:14 Chain Mail Armor
35:26 Conscription
36:11 Blast Furnace
39:41 Bracer
40:18 Plate Barding Armor
41:11 Caravan
42:07 Plate Mail Armor
41:30 Elite Coustillier
44:27 Chemistry
43:22 Murder Holes
44:36 Pikeman
45:17 Squires
45:02 Arson
46:29 Burgundian Vineyards
45:48 Halberdier
55:46 Town Patrol
56:46 Man-at-Arms
57:24 Long Swordsman
58:41 Two-Handed Swordsman
60:05 Crop Rotation
61:37 Two-Man Saw
giancarlo7
10:39 Feudal Age
11:57 Wheelbarrow
11:05 Horse Collar
11:13 Double-Bit Axe
20:02 Castle Age
18:54 Stone Mining
18:58 Gold Mining
19:28 Scale Barding Armor
19:34 Forging
19:25 Scale Mail Armor
21:06 Bow Saw
21:31 Hand Cart
21:25 Husbandry
23:32 Heavy Plow
28:50 Imperial Age
26:55 Szlachta Privileges
27:48 Chain Barding Armor
28:08 Chain Mail Armor
28:49 Iron Casting
29:52 Conscription
29:40 Cavalier
33:02 Plate Mail Armor
32:00 Light Cavalry
32:50 Bloodlines
35:18 Blast Furnace
35:16 Winged Hussar
39:00 Elite Obuch
39:03 Capped Ram
46:16 Siege Ram
55:47 Caravan
pedroayrton br
1:46 Loom
10:25 Feudal Age
11:24 Double-Bit Axe
20:20 Castle Age
20:25 Forging
20:21 Scale Barding Armor
20:07 Fletching
23:54 Bow Saw
27:38 Wheelbarrow
26:49 Town Watch
27:59 Gold Mining
31:05 Hand Cart
31:14 Town Patrol
32:29 Chain Barding Armor
32:44 Iron Casting
33:56 Husbandry
34:47 Gold Shaft Mining
36:49 Imperial Age
38:48 Cavalier
41:55 Blast Furnace
41:31 Plate Barding Armor
40:30 Paladin
59:36 Caravan
63:18 Light Cavalry
忒瑞
9:44 Feudal Age
10:24 Loom
17:04 Castle Age
23:05 Double-Bit Axe
24:57 Horse Collar
25:54 Town Watch
26:45 Wheelbarrow
26:40 Stone Mining
31:21 Imperial Age
28:55 Heavy Plow
30:23 Hand Cart
30:08 Town Patrol
30:02 Gold Mining
30:52 Stone Shaft Mining
30:42 Fletching
31:32 Bodkin Arrow
32:56 Arquebus
33:17 Conscription
35:04 Crop Rotation
34:36 Bracer
35:29 Conscription
36:22 Conscription
39:46 Pikeman
40:31 Arquebus
40:35 Pikeman
43:34 Fortified Wall
43:53 Forging
43:44 Scale Mail Armor
45:23 Halberdier
45:50 Arson
46:47 Iron Casting
46:28 Chain Mail Armor
47:37 Elite Organ Gun
49:02 Murder Holes
50:08 Chemistry
53:21 Blast Furnace
52:51 Plate Mail Armor
53:42 Bombard Tower
60:17 Coinage
63:44 Masonry
63:15 Treadmill Crane
63:55 Ballistics
64:54 Architecture
66:10 Siege Engineers
67:04 Banking
Connection lost

Rejoining the realm…

Still unreachable

The connection could not be restored.

Session expired

The server has moved on; the page needs a fresh start.